 Dungeon Crawl Stone Soup version 0.17-a0-2055-gb4e23be (webtiles) character file.

96 st0uf the Ruffian (level 4, 40/40 HPs)
             Began as a Minotaur Monk on Oct 11, 2015.
             Was a Believer of Ashenzari.
             Quit the game on level 2 of the Dungeon.
             The game lasted 00:09:18 (1749 turns).

st0uf the Ruffian (Minotaur Monk)                   Turns: 1749, Time: 00:09:18

Health: 40/40      AC:  6    Str: 17    XL:     4   Next: 41%
Magic:  3/3        EV: 12    Int:  7    God:    Ashenzari [**....]
Gold:   107        SH:  0    Dex: 12    Spells: 0 memorised, 3 levels left

rFire  . . .     SeeInvis .       - Unarmed
rCold  . . .     Clarity  .     d - +0 ring mail
rNeg   . . .     SustAt   .     (no shield)
rPois  .         Gourm    .     (helmet restricted)
rElec  .         Spirit   .     (no cloak)
rCorr  .         Warding  .     (no gloves)
rMut   .         Stasis   .     o - +0 pair of boots (curse)
MR     .....                    (no amulet)
Stlth  +.........               (no ring)
                                (no ring)

@: not resistant to hostile enchantments, very unstealthy
A: retaliatory headbutt, horns 2
a: Scrying, Renounce Religion


You were on level 2 of the Dungeon.
You worshipped Ashenzari.
Ashenzari was pleased with you.
You were not hungry.

You visited 1 branch of the dungeon, and saw 3 of its levels.

You collected 107 gold pieces.

Inventory:

Hand Weapons
 q - a +0 flail
Armour
 d - a +0 ring mail (worn)
 o - a cursed +0 pair of boots (worn)
Wands
 i - a wand of polymorph (12)
Scrolls
 c - 2 scrolls of random uselessness {unknown}
 e - a scroll of fog {unknown}
 f - 2 scrolls of identify {unknown}
 g - a scroll of blinking {unknown}
 k - 2 scrolls of remove curse
 p - a scroll of noise {unknown}
Potions
 a - a potion of agility {unknown}
 h - a potion of resistance {unknown}
 j - 2 potions of curing {unknown}
 l - a potion of haste {unknown}
 m - a potion of degeneration {unknown}
 n - 2 potions of might {unknown}
Comestibles
 b - 2 bread rations
 r - 2 chunks of flesh


   Skills:
 + Level 4.2 Fighting
 + Level 2.2 Armour
 + Level 4.3 Dodging
 - Level 1.5 Stealth
 + Level 4.9 Unarmed Combat


You had 3 spell levels left.
You didn't know any spells.

Dungeon Overview and Level Annotations

Branches:
Dungeon (3/15)

Altars:
Ashenzari
Zin

Shops:
D:2 *

Annotations:
D:3 Sigmund


Innate Abilities, Weirdness & Mutations

You reflexively headbutt those who attack you in melee.
You have a pair of horns on your head.


Message History

The puff of flame hits you!
Found a stone staircase leading up.
Sigmund mumbles some strange words.
Sigmund flickers and vanishes!
Deactivating autopickup; reactivate with Ctrl-A.
There is an open door here.
You see here an uncursed robe.
You are feeling hungry.
There is a stone staircase leading up here.
You can't go down here!
You climb upwards.
There is a stone staircase leading down here.
Eat one of 3 chunks of flesh? (ye/n/q/i?) This raw flesh tastes terrible.
You continue eating. x2
HP restored.
A hobgoblin comes into view. It is wielding a club.
Quiver which item? (- for none, * to show all) (? for menu, Esc to quit)
Okay, then.
Are you sure you want to abandon this character and quit the game? (Confirm with "yes".)

#########.##............###.##(##
#.##..........### #.#..##
#.########...## #.#.### #.# #...#
#...... #########.# #...# ###.###
#.##......# #...######......
.#.#.####.# #...#........##.
###..####.########.).#.####...##.
# ##..<.#.##....@..............#(
###..##......................#.#.
.#.#......##...........g.........
..#######.#######............#.#.
### #.# #............#.#. #.#
#.....<##.#.##.#. #########.#
#......##........ #......##.#
##......####.####. ..####.##.#
#.......####.# #.


You could see a hobgoblin (wandering).

Vanquished Creatures
  An orc priest (D:3)
  2 adders
  An ooze (D:2)
  4 orcs (D:3)
  4 giant cockroaches
  8 goblins
  10 hobgoblins
  6 bats
  A giant gecko (D:1)
  A giant newt (D:2)
  5 rats
43 creatures vanquished.

Notes
Turn   | Place    | Note
--------------------------------------------------------------
     0 | D:1      | st0uf the Minotaur Monk began the quest for the Orb.
     0 | D:1      | Reached XP level 1. HP: 19/19 MP: 0/0
   298 | D:1      | Reached XP level 2. HP: 27/27 MP: 1/1
   521 | D:1      | Reached skill level 1 in Armour
   862 | D:2      | Found a faded altar to an unknown god.
   872 | D:2      | Became a worshipper of Ashenzari the Shackled
   872 | D:2      | Acquired Ashenzari's first power
   872 | D:2      | Acquired Ashenzari's second power
   889 | D:2      | Reached XP level 3. HP: 30/33 MP: 2/2
  1253 | D:2      | Found Zin's Purification Station.
  1253 | D:2      | Found a glowing silver altar of Zin.
  1397 | D:3      | Reached XP level 4. HP: 24/40 MP: 3/3
  1675 | D:3      | Noticed Sigmund
  1749 | D:2      | Quit the game

Vault maps used:
D:1:      lemuel_arrival_rhombus
D:2:      zin_purify, ecumenical_altar_2, amalloy_card_club
D:3:      nicolae_overflow_crystal_walls, uniq_crazy_yiuf_cottage, uniq_jessica,
          uniq_sigmund, uniq_grinder

Action                   |  1- 3 |  4- 6 || total
-------------------------+-------+-------++-------
Melee: Unarmed           |    78 |    22 ||   100
 Stab: Sleeping          |     1 |       ||     1
  Eat: Chunk             |     1 |     2 ||     3
